 Dungeon Crawl Stone Soup version 0.31-a0-965-g8a8ce12e04 (webtiles) character file.

Game seed: 6486162390819943649

26 Maratek the Trooper (level 2, 0/24 HPs)
             Began as a Demonspawn Fighter on Oct 26, 2023.
             Slain by a worm (5 damage)
             ... on level 2 of the Dungeon.
             The game lasted 00:01:00 (828 turns).

Maratek the Trooper (Demonspawn Fighter)             Turns: 828, Time: 00:01:00

Health: 0/24       AC:  8    Str: 16    XL:     2   Next: 89%
Magic:  2/2        EV: 13    Int:  9    God:
Gold:   34         SH:  4    Dex: 12    Spells: 1/1 levels left

rFire   . . .        a - +0 trident
rCold   . . .        c - +0 buckler
rNeg    . . .        b - +0 scale mail
rPois   .            (no helmet)
rElec   .            (no cloak)
rCorr   .            (no gloves)
SInv    .            (no boots)
Will    .....        (no amulet) Stlth
                     f - +5 ring of evasion
HPRegen 0.24/turn    (no ring)
MPRegen 0.08/turn

%: no passive effects
@: no status effects
A: icy blue scales 1
a: no special abilities


You were on level 2 of the Dungeon.
You visited 1 branch of the dungeon, and saw 2 of its levels.

You collected 34 gold pieces.

Inventory:

Hand Weapons
 a - a +0 trident (weapon)
Armour
 b - a +0 scale mail (worn)
 c - a +0 buckler (worn)
Jewellery
 f - a +5 ring of evasion (left hand)
Potions
 d - a potion of might


   Skills:
 + Level 3.2 Fighting
 + Level 2.2 Polearms
 + Level 3.0 Armour
 + Level 3.0 Shields


You had one spell level left.
You didn't know any spells.
Your spell library was empty.

Dungeon Overview and Level Annotations

Branches:
Dungeon (2/15)

Altars:


Innate Abilities, Weirdness & Mutations

You are partially covered in icy blue scales. (AC +2)


Message History

Things that are here:
a +0 dagger; a +0 sling; a goblin corpse You miss the bat.
The bat misses you. The bat hits you but does no damage.
The bat closely misses you.
You barely miss the bat. You block the bat's attack. The bat barely misses you.
You barely miss the bat. The bat barely misses you. You block the bat's attack.
You miss the bat. The bat barely misses you. The worm bites you.
You barely miss the worm. You block the bat's attack.
You hit the bat.
The bat is moderately wounded.
The bat closely misses you. The worm completely misses you.
You miss the bat.
The bat is moderately wounded.
You block the bat's attack. The worm closely misses you.
The bat closely misses you.
You puncture the bat!
You kill the bat!
The worm bites you.
You hit the worm.
The worm is moderately wounded.
You barely miss the worm.
The worm is moderately wounded.
The worm bites you!
You are too injured to fight recklessly!
You are too injured to fight recklessly!
You are too injured to fight recklessly!
Unknown command.
You hit the worm.
The worm is moderately wounded.
The worm bites you.
You barely miss the worm.
The worm is moderately wounded.
You hit the worm but do no damage.
The worm is moderately wounded.
The worm bites you.
* * * LOW HITPOINT WARNING * * *
You hit the worm.
The worm is heavily wounded.
The worm bites you.
You die...

#...## #.<..#
#....# ####.#
#####.####.#
#..........#
##.###.###..#
##...##.###..##
......†@.......
#..##...w.#....
##(.#.# ##
.###.# .# )# ##
. #


You could see a worm.

Vanquished Creatures
  2 ball pythons (D:1)
  3 bats
  2 endoplasms
  3 goblins
  2 hobgoblins (D:1)
  4 jackals (D:1)
  A kobold (D:1)
  A quokka (D:1)
  A frilled lizard (D:1)
  2 rats (D:1)
21 creatures vanquished.

Notes
Turn   | Place    | Note
-------+----------+-------------------------------------------
     0 | D:1      | Maratek the Demonspawn Fighter began the quest for the Orb.
     0 | D:1      | Reached XP level 1. HP: 18/18 MP: 1/1
   193 | D:1      | Gained mutation: You are partially covered in icy blue
                  | scales. (AC +2) [demonic ancestry]
   193 | D:1      | Reached XP level 2. HP: 24/24 MP: 2/2
   828 | D:2      | Slain by a worm

Illustrated notes

Levels and vault maps discovered:
D:1:      minmay_arrival_semitransparent, layout_loops_corners
D:2:      layout_loops_corners, minmay_pentomino_r4, uniq_crazy_yiuf_cottage,
          uniq_sigmund

Skill      XL: |  1  2 |
---------------+-------+-----
Polearms       | 2 |  2.2
Armour         | 3 |  3.0
Shields        | 3 |  3.0
Fighting       | |  3.2

Action                     || total
---------------------------++-------
  Melee: Trident           ||    91
    Use: Scroll            ||     1
 Armour: Scale mail        ||    66
  Dodge: Dodged            ||    57
  Block: Buckler           ||    23

Table legend: (Time is in decaauts)
 A = Elapsed time spent in this place.
 B = Non-inter-level travel time spent in this place.
 C = Inter-level travel time spent in this place.
 D = Time resting spent in this place.
 E = Time spent auto-exploring this place.
 F = Levels seen in this place.
 G = Mean time per level.
                   A        B        C        D        E       F      G
               +--------+--------+--------+--------+--------+-----+--------+
         Total |    848 |    815 |     33 |      0 |    659 |   2 |  424.0 |
       Dungeon |    848 |    815 |     33 |      0 |    659 |   2 |  424.0 |
               +--------+--------+--------+--------+--------+-----+--------+

Top non-repeatable levels by time:
     D:1: 811 daAuts
     D:2: 37 daAuts
